| TOP OF THE 1ST |
|
Canton Indians batting - Pitching for Southern Maryland Blue Crabs : RHP Vincent Maris
|
|
Pitching: RHP Vincent Maris
|
|
|
Batting: RHB Xavier Bartolani
|
0-0: Called Strike 0-1: Swinging Strike 0-2: Ball 1-2: Fly out, F8 (Flyball, 8LM, EV 85.6 MPH)
|
|
Batting: RHB Willie Toral
|
0-0: Swinging Strike 0-1: Ball 1-1: Ball 2-1: Ground out 6-3 (Groundball, 6, EV 90.0 MPH)
|
|
Batting: RHB Rob Marti
|
0-0: Fly out, F8 (Flyball, 89XD, EV 91.9 MPH)
|
| Top of the 1st over - 0 runs, 0 hits, 0 errors, 0 left on base; Canton 0 - Southern Maryland 0 |
| BOTTOM OF THE 1ST |
|
Southern Maryland Blue Crabs batting - Pitching for Canton Indians : RHP Ricardo Torres
|
|
Pitching: RHP Ricardo Torres
|
|
|
Batting: LHB Stu Proulx
|
0-0: Foul Ball, location: 2F 0-1: Ball 1-1: Ball 2-1: Ball 3-1: Foul Ball, location: 2F 3-2: Foul Ball, location: 2F 3-2: Fly out, F3 (Line Drive, 3L, EV 66.2 MPH)
|
|
Batting: RHB Adam Beal
|
0-0: Ball 1-0: Fly out, F3 (Popup, 3S, EV 81.9 MPH)
|
|
Batting: RHB Eddie Morin
|
0-0: Ball 1-0: Ground out 5-3 (Groundball, 56S, EV 83.1 MPH)
|
| Bottom of the 1st over - 0 runs, 0 hits, 0 errors, 0 left on base; Canton 0 - Southern Maryland 0 |
| TOP OF THE 2ND |
|
Canton Indians batting - Pitching for Southern Maryland Blue Crabs : RHP Vincent Maris
|
|
Batting: SHB Luis de Leon
|
0-0: Ball 1-0: Called Strike 1-1: Foul Ball, location: 2F 1-2: Strikes out swinging
|
|
Batting: RHB Russ Kennett
|
0-0: Ground out 6-3 (Groundball, 6M, EV 105.6 MPH)
|
|
Batting: SHB Bob Ledlow
|
0-0: Ball 1-0: Fly out, F9 (Flyball, 9D, EV 86.9 MPH)
|
| Top of the 2nd over - 0 runs, 0 hits, 0 errors, 0 left on base; Canton 0 - Southern Maryland 0 |
| BOTTOM OF THE 2ND |
|
Southern Maryland Blue Crabs batting - Pitching for Canton Indians : RHP Ricardo Torres
|
|
Batting: SHB John Hiles
|
0-0: Called Strike 0-1: Ball 1-1: Ball 2-1: Ground out 4-3 (Groundball, 4M, EV 88.8 MPH)
|
|
Batting: LHB Taylor Plummer
|
0-0: Ball 1-0: Ball 2-0: Ball 3-0: Called Strike 3-1: Base on Balls
|
|
Batting: RHB Mike King
|
0-0: Foul Ball, location: 2F 0-1: 2-RUN HOME RUN (Flyball, 7D, EV 106.9 MPH), Distance : 393 ft
|
|
Batting: RHB Jeff Parlo
|
0-0: Ball 1-0: Ball 2-0: Called Strike 2-1: Ball 3-1: Base on Balls
|
|
Batting: RHB Sam Parra
|
0-0: Ground out 6-3 (Groundball, P, EV 87.5 MPH) Jeff Parlo to second
|
|
Batting: RHB Tyler Cohen
|
0-0: Swinging Strike 0-1: Ground out 5-3 (Groundball, 5L, EV 84.4 MPH)
|
| Bottom of the 2nd over - 2 runs, 1 hit, 0 errors, 1 left on base; Canton 0 - Southern Maryland 2 |
| TOP OF THE 3RD |
|
Canton Indians batting - Pitching for Southern Maryland Blue Crabs : RHP Vincent Maris
|
|
Batting: LHB Mike Humfleet
|
0-0: Ball 1-0: Swinging Strike 1-1: Ball 2-1: Foul Ball, location: 2F 2-2: Strikes out swinging
|
|
Batting: RHB Cruz Castro
|
0-0: Swinging Strike 0-1: Ball 1-1: Swinging Strike 1-2: Ball 2-2: Foul Ball, location: 2F 2-2: Strikes out looking
|
|
Batting: RHB Ryan Paquette
|
0-0: Ball 1-0: Ball 2-0: Ball 3-0: Base on Balls
|
|
Batting: RHB Xavier Bartolani
|
0-0: Called Strike 0-1: Called Strike 0-2: Foul Ball, location: 2F 0-2: Foul Ball, location: 2F 0-2: Ball 1-2: Fly out, F4 (Popup, 4, EV 74.4 MPH)
|
| Top of the 3rd over - 0 runs, 0 hits, 0 errors, 1 left on base; Canton 0 - Southern Maryland 2 |
| BOTTOM OF THE 3RD |
|
Southern Maryland Blue Crabs batting - Pitching for Canton Indians : RHP Ricardo Torres
|
|
Batting: LHB Stu Proulx
|
0-0: Ball 1-0: Called Strike 1-1: Ball 2-1: Ground out 4-3 (Groundball, 4, EV 83.8 MPH)
|
|
Batting: RHB Adam Beal
|
0-0: Swinging Strike 0-1: Ball 1-1: Ball 2-1: Ball 3-1: Base on Balls
|
|
Batting: RHB Eddie Morin
|
0-0: Called Strike 0-1: Foul Ball, location: 2F 0-2: Ball 1-2: TRIPLE (Flyball, 89XD, EV 99.4 MPH) Adam Beal scores
|
|
Batting: SHB John Hiles
|
0-0: Called Strike 0-1: Foul Ball, location: 2F 0-2: Foul Ball, location: 2F 0-2: Foul Ball, location: 2F 0-2: Strikes out looking
|
|
Batting: LHB Taylor Plummer
|
0-0: Ball 1-0: Ball 2-0: Swinging Strike 2-1: Swinging Strike 2-2: Ball 3-2: Base on Balls
|
|
Batting: RHB Mike King
|
0-0: Ball 1-0: Called Strike 1-1: Ball 2-1: Ground out 4-3 (Groundball, 4, EV 82.5 MPH)
|
| Bottom of the 3rd over - 1 run, 1 hit, 0 errors, 2 left on base; Canton 0 - Southern Maryland 3 |
| TOP OF THE 4TH |
|
Canton Indians batting - Pitching for Southern Maryland Blue Crabs : RHP Vincent Maris
|
|
Batting: RHB Willie Toral
|
0-0: Ball 1-0: Ball 2-0: Swinging Strike 2-1: Ground out U3 (Groundball, 34, EV 91.2 MPH)
|
|
Batting: RHB Rob Marti
|
0-0: Called Strike 0-1: Ball 1-1: Ball 2-1: Foul Ball, location: 2F 2-2: Ball 3-2: Base on Balls
|
|
Batting: SHB Luis de Leon
|
0-0: Ball 1-0: Foul Ball, location: 2F 1-1: Ball 2-1: Foul Ball, location: 2F 2-2: Ball 3-2: Strikes out swinging Rob Marti is caught stealing 2nd base 2-6 Batter strikes out.
|
| Top of the 4th over - 0 runs, 0 hits, 0 errors, 0 left on base; Canton 0 - Southern Maryland 3 |
| BOTTOM OF THE 4TH |
|
Southern Maryland Blue Crabs batting - Pitching for Canton Indians : RHP Ricardo Torres
|
|
Batting: RHB Jeff Parlo
|
0-0: Ball 1-0: Fly out, F9 (Flyball, 9LM, EV 86.9 MPH)
|
|
Batting: RHB Sam Parra
|
0-0: Ground out 6-3 (Groundball, 6D, EV 109.4 MPH)
|
|
Batting: RHB Tyler Cohen
|
0-0: Ball 1-0: Foul Ball, location: 2F 1-1: Swinging Strike 1-2: Ball 2-2: Strikes out looking
|
| Bottom of the 4th over - 0 runs, 0 hits, 0 errors, 0 left on base; Canton 0 - Southern Maryland 3 |
| TOP OF THE 5TH |
|
Canton Indians batting - Pitching for Southern Maryland Blue Crabs : RHP Vincent Maris
|
|
Batting: RHB Russ Kennett
|
0-0: Called Strike 0-1: Fly out, F9 (Flyball, 89S, EV 85.6 MPH)
|
|
Batting: SHB Bob Ledlow
|
0-0: Called Strike 0-1: Swinging Strike 0-2: Strikes out swinging
|
|
Batting: LHB Mike Humfleet
|
0-0: Ball 1-0: Foul Ball, location: 2F 1-1: Ball 2-1: Fly out, F7 (Flyball, 7D, EV 106.2 MPH)
|
| Top of the 5th over - 0 runs, 0 hits, 0 errors, 0 left on base; Canton 0 - Southern Maryland 3 |
| BOTTOM OF THE 5TH |
|
Southern Maryland Blue Crabs batting - Pitching for Canton Indians : RHP Ricardo Torres
|
|
Batting: LHB Stu Proulx
|
0-0: Ball 1-0: Called Strike 1-1: Ball 2-1: Ball 3-1: SINGLE (Groundball, 4MD, EV 95.6 MPH)
|
|
Batting: RHB Adam Beal
|
0-0: Ball 1-0: Foul Ball, location: 2F 1-1: Ball 2-1: Foul Ball, location: 2F 2-2: Foul Ball, location: 2F 2-2: Fly out, F9 (Flyball, 9, EV 88.8 MPH)
|
|
Batting: RHB Eddie Morin
|
0-0: Called Strike 0-1: Reached on error, E8 (Flyball, 8LM, EV 81.9 MPH) Stu Proulx to second
|
|
Batting: SHB John Hiles
|
0-0: Called Strike 0-1: Ball 1-1: Swinging Strike 1-2: Ball 2-2: Strikes out swinging
|
|
Batting: LHB Taylor Plummer
|
0-0: Fly out, F9 (Flyball, 9D, EV 98.1 MPH)
|
| Bottom of the 5th over - 0 runs, 1 hit, 1 error, 2 left on base; Canton 0 - Southern Maryland 3 |
| TOP OF THE 6TH |
|
Canton Indians batting - Pitching for Southern Maryland Blue Crabs : RHP Vincent Maris
|
|
Batting: RHB Cruz Castro
|
0-0: Called Strike 0-1: Foul Ball, location: 2F 0-2: Ball 1-2: Ground out 1-3 (Groundball, 23, EV 62.5 MPH)
|
|
Batting: RHB Ryan Paquette
|
0-0: SINGLE (Line Drive, 56, EV 96.9 MPH)
|
|
Batting: RHB Xavier Bartolani
|
0-0: Ball 1-0: Ball 2-0: Foul Ball, location: 2F 2-1: Ball 3-1: Base on Balls Ryan Paquette to second
|
|
Batting: RHB Willie Toral
|
0-0: Foul Ball, location: 2F 0-1: Swinging Strike 0-2: Fly out, F8 (Flyball, 8RD, EV 96.2 MPH)
|
|
Batting: RHB Rob Marti
|
0-0: Called Strike 0-1: Ball 1-1: SINGLE (Groundball, 6MD, EV 94.4 MPH) Ryan Paquette to third Xavier Bartolani to second Runner from 3rd tries for Home, SAFE, throw by CF to home
|
|
Pitching: RHP Hajato Takahashi
|
|
|
Batting: SHB Luis de Leon
|
0-0: Called Strike 0-1: Fielders Choice at 2nd, 6-4 (Groundball, 6, EV 104.4 MPH)
|
| Top of the 6th over - 1 run, 2 hits, 0 errors, 2 left on base; Canton 1 - Southern Maryland 3 |
| BOTTOM OF THE 6TH |
|
Southern Maryland Blue Crabs batting - Pitching for Canton Indians : RHP Ricardo Torres
|
|
Batting: RHB Mike King
|
0-0: Ball 1-0: Fly out, F4 (Popup, 4D, EV 47.5 MPH)
|
|
Batting: RHB Jeff Parlo
|
0-0: Called Strike 0-1: Fly out, F7 (Flyball, 7D, EV 98.1 MPH)
|
|
Batting: RHB Sam Parra
|
0-0: Ball 1-0: Ground out 5-3 (Groundball, 5, EV 100.6 MPH)
|
| Bottom of the 6th over - 0 runs, 0 hits, 0 errors, 0 left on base; Canton 1 - Southern Maryland 3 |
| TOP OF THE 7TH |
|
Canton Indians batting - Pitching for Southern Maryland Blue Crabs : RHP Hajato Takahashi
|
|
Batting: RHB Russ Kennett
|
0-0: Ball 1-0: Called Strike 1-1: SOLO HOME RUN (Line Drive, 78XD, EV 115.6 MPH), Distance : 424 ft
|
|
Batting: SHB Bob Ledlow
|
0-0: Ball 1-0: Fly out, F7 (Flyball, 78M, EV 88.8 MPH)
|
|
Batting: LHB Mike Humfleet
|
0-0: Ball 1-0: Ball 2-0: Foul Ball, location: 2F 2-1: Ball 3-1: Fly out, F7 (Flyball, 7, EV 80.0 MPH)
|
|
Batting: RHB Cruz Castro
|
0-0: Ball 1-0: Ball 2-0: Swinging Strike 2-1: Ball 3-1: Foul Ball, location: 2F 3-2: Ground out 4-3 (Groundball, 4, EV 101.2 MPH)
|
| Top of the 7th over - 1 run, 1 hit, 0 errors, 0 left on base; Canton 2 - Southern Maryland 3 |
| BOTTOM OF THE 7TH |
|
Southern Maryland Blue Crabs batting - Pitching for Canton Indians : RHP Ricardo Torres
|
|
Batting: RHB Tyler Cohen
|
0-0: Ball 1-0: Foul Ball, location: 2F 1-1: Called Strike 1-2: Ball 2-2: Ball 3-2: Base on Balls
|
|
Batting: LHB Stu Proulx
|
0-0: Ball 1-0: Swinging Strike 1-1: Ball 2-1: Ball 3-1: Fly out, F7 (Flyball, 7, EV 96.2 MPH)
|
|
Batting: RHB Adam Beal
|
0-0: Ball 1-0: Ball 2-0: Foul Ball, location: 2F 2-1: Foul Ball, location: 2F 2-2: Ball 3-2: Fly out, F9 (Flyball, 89D, EV 88.8 MPH)
|
|
Pitching: RHP Abdul-Wadud Mazin
|
|
|
Batting: RHB Eddie Morin
|
0-0: Ball 1-0: Foul Ball, location: 2F 1-1: Swinging Strike 1-2: Ball 2-2: SINGLE (Groundball, P, EV 85.6 MPH) (infield hit) Tyler Cohen to second
|
|
Batting: SHB John Hiles
|
0-0: Ball 1-0: SINGLE (Line Drive, 9S, EV 104.4 MPH) Tyler Cohen to third Eddie Morin to second
|
|
Batting: LHB Taylor Plummer
|
0-0: Ball 1-0: Fly out, F8 (Line Drive, 78M, EV 87.5 MPH)
|
| Bottom of the 7th over - 0 runs, 2 hits, 0 errors, 3 left on base; Canton 2 - Southern Maryland 3 |
| TOP OF THE 8TH |
|
Canton Indians batting - Pitching for Southern Maryland Blue Crabs : RHP Hajato Takahashi
|
|
Batting: RHB Ryan Paquette
|
0-0: Ball 1-0: Ground out 4-3 (Groundball, 34S, EV 83.1 MPH)
|
|
Pinch Hitting: RHB Quan Tai
|
0-0: Ball 1-0: Ball 2-0: Called Strike 2-1: Swinging Strike 2-2: Foul Ball, location: 2F 2-2: Ball 3-2: Foul Ball, location: 2F 3-2: Strikes out swinging
|
|
Batting: RHB Willie Toral
|
0-0: Ground out 6-3 (Groundball, 6, EV 107.5 MPH)
|
| Top of the 8th over - 0 runs, 0 hits, 0 errors, 0 left on base; Canton 2 - Southern Maryland 3 |
| BOTTOM OF THE 8TH |
|
Southern Maryland Blue Crabs batting - Pitching for Canton Indians : RHP Abdul-Wadud Mazin
|
|
Now in LF: Quan Tai
|
|
|
Batting: RHB Mike King
|
0-0: Swinging Strike 0-1: Fly out, F9 (Flyball, 9LM, EV 88.8 MPH)
|
|
Batting: RHB Jeff Parlo
|
0-0: Swinging Strike 0-1: Foul Ball, location: 2F 0-2: Ball 1-2: Strikes out looking
|
|
Batting: RHB Sam Parra
|
0-0: DOUBLE (Line Drive, 78D, EV 105.0 MPH)
|
|
Batting: RHB Tyler Cohen
|
0-0: Ball 1-0: Foul Ball, location: 2F 1-1: Swinging Strike 1-2: Strikes out looking
|
| Bottom of the 8th over - 0 runs, 1 hit, 0 errors, 1 left on base; Canton 2 - Southern Maryland 3 |
| TOP OF THE 9TH |
|
Canton Indians batting - Pitching for Southern Maryland Blue Crabs : RHP Hajato Takahashi
|
|
Pitching: RHP Ju-wei Chi
|
|
|
Batting: RHB Rob Marti
|
0-0: Ball 1-0: Foul Ball, location: 2F 1-1: Called Strike 1-2: Foul Ball, location: 2F 1-2: Ground out 1-3 (Groundball, 34S, EV 68.1 MPH)
|
|
Batting: SHB Luis de Leon
|
0-0: Foul Ball, location: 2F 0-1: Ball 1-1: Foul Ball, location: 2F 1-2: Fly out, F3 (Line Drive, 3L, EV 68.8 MPH)
|
|
Batting: RHB Russ Kennett
|
0-0: Ball 1-0: Ground out 4-3 (Groundball, 4, EV 76.2 MPH)
|
| Top of the 9th over - 0 runs, 0 hits, 0 errors, 0 left on base; Canton 2 - Southern Maryland 3 |
|